 Dungeon Crawl Stone Soup version 0.26-a0-649-gf8c6c3aab7 (webtiles) character file.

Game seed: 4169248909327808792

23 slambob the Ruffian (level 2, -14/29 HPs)
             Began as a Troll Monk on Sept 27, 2020.
             Killed from afar by a dart slug (40 damage)
             ... with an exploding inner flame
             ... hexed by the player character
             ... on level 2 of the Dungeon.
             The game lasted 00:02:28 (399 turns).

slambob the Ruffian (Troll Monk)                     Turns: 399, Time: 00:02:30

Health: -14/29     AC:  8    Str: 18    XL:     2   Next: 72%
Magic:  1/1        EV: 10    Int:  6    God:
Gold:   62         SH:  0    Dex: 12    Spells: 1/1 levels left

rFire    . . .     SeeInvis .     - Unarmed
rCold    . . .     Faith    .   (no shield)
rNeg     . . .     Spirit   .   a - +0 robe
rPois    .         Reflect  .   b - +2 hat
rElec    .         Harm     .   (no cloak)
rCorr    .         Rampage  .   (gloves unavailable)
MR       .....                  (boots unavailable)
Stlth    ++........             (no amulet)
HPRegen  0.49/turn              (no ring)
MPRegen  0.07/turn              (no ring)

@: no status effects
A: large, unfitting armour, claws 3, regeneration 1, shaggy fur 1, tough skin 3
a: no special abilities


You were on level 2 of the Dungeon.
You visited 1 branch of the dungeon, and saw 2 of its levels.

You collected 62 gold pieces.

Inventory:

Missiles
 c - 2 stones (quivered)
Armour
 a - a +0 robe (worn)
 b - a +2 hat (worn)
Scrolls
 f - a scroll of remove curse {unknown}
Potions
 d - a potion of lignification {unknown}


   Skills:
 + Level 2.6 Fighting
 + Level 2.6 Dodging
 + Level 1.0 Stealth
 + Level 3.5 Unarmed Combat


You had one spell level left.
You didn't know any spells.
Your spell library was empty.

Dungeon Overview and Level Annotations

Branches:
Dungeon (1/15)

Altars:
Cheibriados
Kikubaaqudgha
Qazlal
Sif Muna


Innate Abilities, Weirdness & Mutations

You are too large for most types of armour.
You have claws for hands.
Your natural rate of healing is unusually fast.
You are covered in fur. (AC +1)
You have extremely tough skin. (AC +3)


Message History

c - 2 stones The goblin shoots a stone.
The stone hits you.
A goblin comes into view. It is wielding a +0 club.
The goblin shoots a stone.
The stone hits you but does no damage.
You see here a stone.
c - 3 stones (gained 1) Throwing (i - inventory)
c - 3 stones (quivered)
Press: ? - help, Shift-Dir - straight line, f/p - dart slug
Aim: a dart slug (inner flame)
You throw a stone.
The stone hits the dart slug but does no damage.
The goblin shoots a stone.
The stone barely misses you.
You scratch the dart slug.
Flame seeps out of the dart slug.
The dart slug is lightly wounded.
The goblin shoots a stone.
The stone hits you.
The dart slug is engulfed in blazing flames.
The dart slug explodes!
The fiery explosion engulfs you!!!
Ouch! That really hurt!
You die...

# #.#.##.#.##.....#####
#.##.#.........##.#.....
#.........#.......#.....
####.###..#..†....#..##.
#......########......
####...# #...#.. #§§.#
#...... #○§.# #.##<..
#@§.# #####......
#...####........#.
.........##.......
.....g........_....
....g......##._8_.##
####...####.#..._...#
#...# #.......... #...#
#####.†..#. ##<###.


You could see 2 goblins.

Vanquished Creatures
  A worm (D:2)
  A dart slug (D:2)
  A leopard gecko (D:1)
  2 goblins (D:1)
  3 jackals (D:1)
  4 kobolds
  3 bats
  2 rats
17 creatures vanquished.

Notes
Turn   | Place    | Note
-------+----------+-------------------------------------------
     0 | D:1      | slambob the Troll Monk began the quest for the Orb.
     0 | D:1      | Reached XP level 1. HP: 22/22 MP: 0/0
   122 | D:1      | Reached XP level 2. HP: 29/29 MP: 1/1
   231 | D:1      | You fall into a shaft and drop 1 floor!
   273 | D:2      | Found a shimmering blue altar of Sif Muna.
   274 | D:2      | Found an ancient bone altar of Kikubaaqudgha.
   276 | D:2      | Found a snail-covered altar of Cheibriados.
   277 | D:2      | Found a stormy altar of Qazlal.
   399 | D:2      | Killed from afar by a dart slug

Illustrated notes

Levels and vault maps discovered:
D:1:      dpeg_arrival_boxes_within_box, layout_basic
D:2:      layout_loops_cross, chequers_temple_overflow_statue_of_worship,
          minmay_misc_feat_tower

Action                   || total
-------------------------++-------
Melee: Unarmed           ||    42
Throw: Stone             ||     2
  Use: Scroll            ||     2
 Stab: Sleeping          ||     1
Armor: Robe              ||    39
Dodge: Dodged            ||    52

Table legend: (Time is in decaauts)
 A = Elapsed time spent in this place.
 B = Non-inter-level travel time spent in this place.
 C = Inter-level travel time spent in this place.
 D = Time resting spent in this place.
 E = Time spent auto-exploring this place.
 F = Levels seen in this place.
 G = Mean time per level.
                   A        B        C        D        E       F      G
               +--------+--------+--------+--------+--------+-----+--------+
         Total |    396 |    396 |      0 |     10 |    194 |   2 |  198.0 |
       Dungeon |    396 |    396 |      0 |     10 |    194 |   2 |  198.0 |
               +--------+--------+--------+--------+--------+-----+--------+

Top non-repeatable levels by time:
     D:1: 229 daAuts
     D:2: 167 daAuts
